 Dungeon Crawl Stone Soup version 0.29.0-4-gdea44cf6ec (webtiles) character file.

Game seed: 18049086178144609123

133 qw the Chopper (level 5, -9/41 (42) HPs)
             Began as a Barachi Chaos Knight on Sept 5, 2022.
             Mangled by a soul eater (25 damage)
             ... summoned by Xom
             ... on level 3 of the Dungeon.
             The game lasted 00:01:26 (3558 turns).

qw the Chopper (Barachi Chaos Knight)               Turns: 3558, Time: 00:01:27

HP:   -9/41 (42)    AC: 11    Str: 16    XL:     5   Next: 16%
MP:   5/5           EV:  7    Int: 10    God:
Gold: 159           SH:  0    Dex: 11    Spells: 4/4 levels left

rFire   . . .      SeeInvis .   Y - +2 hand axe (chaos)
rCold   . . .      Faith    .   (no shield)
rNeg    . . .      Spirit   .   i - +0 chain mail
rPois   .          Reflect  .   (no helmet)
rElec   .          Harm     .   f - +2 cloak
rCorr   .          Rampage  .   (no gloves)
Will    .....                   (no boots)
Stlth   ..........              (no amulet)
HPRegen 0.13/turn               (no ring)
MPRegen 0.09/turn               (no ring)

@: lightly drained, slow
A: amphibious, slowness 1, strong legs 1, +LOS, dopey 1, wild magic 1
a: Hop


You were on level 3 of the Dungeon.
You visited 1 branch of the dungeon, and saw 3 of its levels.

You collected 159 gold pieces.


Innate Abilities, Weirdness & Mutations

You are amphibious.
You cover ground slowly.
You can hop short distances.
You have an extended range of vision and can be seen from far away.
You are dopey. (Int -2)
Your spells are a little harder to cast, but a little more powerful.


   Skills:
 - Level 4.0 Fighting
 + Level 6.0 Axes
 - Level 2.4 Armour
 - Level 1.1 Dodging


You had 4 spell levels left.
You didn't know any spells.
Your spell library was empty.

Inventory:

Hand Weapons
 h - a +0 flail
 Y - a +2 hand axe of chaos (weapon)
Armour
 f - a +2 cloak (worn)
 i - a +0 chain mail (worn)
Jewellery
 b - a ring of flight
Scrolls
 a - a scroll of magic mapping {unknown}
 e - a scroll of identify
 l - a scroll of teleportation {unknown}
Potions
 d - a potion of might {unknown}
 g - a potion of resistance {unknown}
 j - 2 potions of cancellation {unknown}
 k - a potion of curing {unknown}
Miscellaneous
 c - a piece from Xom's chessboard (15/15)

Dungeon Overview and Level Annotations

Branches:
Dungeon (3/15)

Altars:


Message History

The soul eater hits you but does no damage.
You hit the soul eater but do no damage.
The soul eater is lightly wounded.
You completely miss the crimson imp. The crimson imp hits you.
The soul eater hits you.
You feel drained.
You barely miss the soul eater.
The soul eater is lightly wounded.
You hit the crimson imp.
The crimson imp hits you but does no damage.
The soul eater closely misses you.
You closely miss the crimson imp.
The crimson imp is lightly wounded.
You hit the soul eater.
The soul eater seems to grow stronger.
The crimson imp hits you but does no damage.
The soul eater hits you!
You hit the soul eater but do no damage.
The soul eater is lightly wounded.
You hit the crimson imp. The crimson imp barely misses you.
The soul eater draws from the surrounding life force!
The soul eater is healed.
You hit the crimson imp.
The crimson imp convulses.
The crimson imp is heavily wounded.
You hit the soul eater but do no damage.
The crimson imp barely misses you.
The soul eater hits you but does no damage.
You hit the crimson imp.
The crimson imp's magic leaks into the air.
The crimson imp is heavily wounded.
You barely miss the soul eater.
The crimson imp summons a swarm of flies.
The crimson imp hits you but does no damage.
The soul eater draws from the surrounding life force!
You hit the crimson imp.
The crimson imp suddenly seems more agile.
The crimson imp is almost dead.
You closely miss the soul eater.
The crimson imp blinks!
The soul eater hits you!!
Ouch! That really hurt!
You die...

.....# .....#
.....######.##
........>.....
.....###.##.## ###
#....###.# 5.#
#........# #3#
#####....# #3#
#....# #@# #....#
#ยค# #....# #5#
#..).#######.#
#####............#
..........########
..........#
......##.##
......##.#


You could see a soul eater (summoned, strong), a neqoxec (summoned) and 2
crimson imps.

Vanquished Creatures
  4 gnolls (D:3)
  2 adders
  A worm (D:2)
  A dart slug (D:2)
  6 ball pythons
  8 bats
  5 endoplasms
  2 giant cockroaches
  5 goblins
  7 hobgoblins
  6 jackals (D:2)
  5 kobolds
  6 quokkas
  2 frilled lizards
60 creatures vanquished.

Vanquished Creatures (collateral kills)
  A bat (D:1)
1 creature vanquished.

Vanquished Creatures (others)
  A quokka zombie (D:1)
1 creature vanquished.

Grand Total: 62 creatures vanquished

Notes
Turn   | Place    | Note
-------+----------+-------------------------------------------
     0 | D:1      | qw the Barachi Chaos Knight began the quest for the Orb.
     0 | D:1      | Reached XP level 1. HP: 18/18 MP: 1/1
     0 | D:1      | 0 ||| qw: Version: 0.1-a-104-g96f76f8
     0 | D:1      | 0 ||| qw: Game counter: 5892
     0 | D:1      | 0 ||| qw: Always use a shield: true
     0 | D:1      | 0 ||| qw: God list: Okawaru
     0 | D:1      | 0 ||| qw: Allow faded altars: false
     0 | D:1      | 0 ||| qw: Do Orc after D:15 true
     0 | D:1      | 0 ||| qw: Do second Lair branch before Depths: true
     0 | D:1      | 0 ||| qw: Lair rune preference: random
     0 | D:1      | 0 ||| qw: Plans: Normal
     0 | D:1      | 0 ||| PLANNING D:1-11
     0 | D:1      | Fell from the grace of Xom
   215 | D:1      | 215 ||| Stepping ~*~*~tactically~*~*~ (stealth).
   216 | D:1      | 216 ||| Stepping ~*~*~tactically~*~*~ (stealth).
   217 | D:1      | 217 ||| Stepping ~*~*~tactically~*~*~ (stealth).
   433 | D:1      | Reached XP level 2. HP: 22/24 MP: 2/2
   441 | D:1      | XOM: 6-stop teleportation journey
   492 | D:1      | Reached skill level 4 in Axes
   845 | D:1      | Reached XP level 3. HP: 29/29 MP: 3/3
   850 | D:1      | XOM: give mutations
   850 | D:1      | Gained mutation: You have sharp toenails. [Xom's mischief]
   850 | D:1      | Gained mutation: Your spells are a little harder to cast,
                  | but a little more powerful. [Xom's mischief]
   850 | D:1      | Gained mutation: You are dopey. (Int -2) [Xom's mischief]
   850 | D:1      | Lost mutation: You have sharp toenails. [Xom's mischief]
  1336 | D:1      | 1336 ||| READING scroll labelled BONUOPSUSCH.
  1337 | D:1      | 1337 ||| READING scroll labelled LIGHINNEOC.
  1481 | D:2      | 1481 ||| Stepping ~*~*~tactically~*~*~ (stealth).
  1482 | D:2      | 1482 ||| Stepping ~*~*~tactically~*~*~ (stealth).
  1483 | D:2      | 1483 ||| Stepping ~*~*~tactically~*~*~ (stealth).
  1576 | D:2      | 1576 ||| Stepping ~*~*~tactically~*~*~ (hiding).
  1577 | D:2      | 1577 ||| Stepping ~*~*~tactically~*~*~ (hiding).
  1656 | D:2      | Found a faded altar of an unknown god.
  1657 | D:2      | 1657 ||| Stepping ~*~*~tactically~*~*~ (stealth).
  1852 | D:2      | XOM: god gift: wand of flame (11)
  1861 | D:2      | Reached skill level 5 in Axes
  1966 | D:2      | 1966 ||| Stepping ~*~*~tactically~*~*~ (stealth).
  2004 | D:2      | 2004 ||| FLEEEEING.
  2053 | D:2      | 2053 ||| Stepping ~*~*~tactically~*~*~ (hiding).
  2061 | D:2      | XOM: swap monsters
  2165 | D:2      | 2165 ||| Stepping ~*~*~tactically~*~*~ (stealth).
  2166 | D:2      | 2166 ||| Stepping ~*~*~tactically~*~*~ (stealth).
  2167 | D:2      | 2167 ||| Stepping ~*~*~tactically~*~*~ (stealth).
  2168 | D:2      | 2168 ||| Stepping ~*~*~tactically~*~*~ (stealth).
  2187 | D:2      | Reached XP level 4. HP: 31/36 MP: 4/4
  2239 | D:2      | 2239 ||| Stepping ~*~*~tactically~*~*~ (stealth).
  2294 | D:2      | 2294 ||| Stepping ~*~*~tactically~*~*~ (stealth).
  2296 | D:2      | 2296 ||| Stepping ~*~*~tactically~*~*~ (stealth).
  2718 | D:2      | XOM: draining
  2726 | D:2      | 2726 ||| UPGRADING to +2 cloak.
  2731 | D:2      | 2731 ||| UPGRADING to +0 chain mail.
  2741 | D:2      | 2741 ||| DROPPING +2 leather armour.
  2742 | D:2      | 2742 ||| READING 2 scrolls labelled XORUJYF CAKHLAYMO.
  2743 | D:2      | 2743 ||| READING scroll labelled DURPHY OCRUOPTI.
  2744 | D:2      | 2744 ||| READING scroll labelled REL SAYJOO.
  2745 | D:2      | 2745 ||| READING scroll labelled PUEKIS GAI.
  2746 | D:2      | 2746 ||| DROPPING scroll of amnesia.
  2903 | D:3      | 2903 ||| DROPPING +0 club.
  2941 | D:3      | XOM: summons 4 hostile shadow creatures
  3033 | D:3      | 3033 ||| Stepping ~*~*~tactically~*~*~ (hiding).
  3041 | D:3      | Reached skill level 6 in Axes
  3044 | D:3      | Reached XP level 5. HP: 15/41 MP: 5/5
  3078 | D:3      | 3078 ||| FLEEEEING.
  3237 | D:3      | 3237 ||| Stepping ~*~*~tactically~*~*~ (stealth).
  3238 | D:3      | 3238 ||| Stepping ~*~*~tactically~*~*~ (stealth).
  3275 | D:3      | 3275 ||| DROPPING +0 mace.
  3342 | D:3      | 3342 ||| READING scroll of enchant weapon.
  3342 | D:3      | 3342 ||| ENCHANTING +1 hand axe of chaos.
  3548 | D:3      | XOM: summons 4 hostile demons
  3549 | D:3      | Noticed a neqoxec
  3549 | D:3      | Noticed a soul eater
  3558 | D:3      | Mangled by a soul eater

Levels and vault maps discovered:
D:1:      dpeg_arrival_boxorama, layout_basic,
          hangedman_abyss_or_decor_lesser_grid
D:2:      layout_rooms, ebering_ecumenical_altar_mist
D:3:      layout_basic

Skill      XL: |  1  2  3  4  5 |
---------------+----------------+-----
Axes           | 4 5 6 |  6.0
Fighting       | 4 |  4.0
Armour         | |  2.4
Dodging        | |  1.1

Action                   |  1- 3 |  4- 6 || total
-------------------------+-------+-------++-------
Melee: Hand axe          |   130 |   101 ||   231
       Punch             |     1 |     1 ||     2
Invok: Renounce Religion |     1 |       ||     1
  Use: Scroll            |     2 |     5 ||     7
Armor: Leather armour    |    56 |    14 ||    70
       Chain mail        |       |    43 ||    43
Dodge: Dodged            |    90 |    40 ||   130

Table legend:
 A = Non-vault XP
 B = Vault XP
 C = Vault XP percentage of total XP
 D = Non-vault monster count
 E = Vault monster count
 F = Vault count percentage of total count
                 A         B        C        D         E       F
            +---------+---------+-------+---------+---------+-------
      Total |     190 |       0 |   0.0 |      61 |       0 |   0.0
            +---------+---------+-------+---------+---------+-------
        D:1 |      40 |       0 |   0.0 |      22 |       0 |   0.0
        D:2 |      70 |       0 |   0.0 |      29 |       0 |   0.0
        D:3 |      80 |       0 |   0.0 |      10 |       0 |   0.0
            +---------+---------+-------+---------+---------+-------
